 Dungeon Crawl Stone Soup version 0.23.2-1-ga50397a6bc (webtiles) character file.

Game seed: 15687858752673251484

4501 Mrkan the Basher (level 10, -4/59 HPs)
             Began as a Gargoyle Fighter on May 22, 2019.
             Was an Initiate of Gozag.
             Slain by a two-headed ogre
             ... wielding a +0 giant spiked club
              (18 damage)
             ... on level 9 of the Dungeon.
             The game lasted 00:20:19 (7634 turns).

Mrkan the Basher (Gargoyle Fighter)                 Turns: 7634, Time: 00:20:20

Health: -4/59      AC: 16    Str: 24    XL:     10   Next: 38%
Magic:  0/10       EV:  8    Int:  8    God:    Gozag
Gold:   1444       SH: 12    Dex: 12    Spells: 9/9 levels left

rFire    x . .     SeeInvis .   m - +8 flail of Eternal Harmony {freeze, rF- rC++ Str+3}
rCold    + + +     Gourm    .   c - +0 shield
rNeg     + . .     Faith    .   b - +0 scale mail
rPois    ∞         Spirit   +   (no helmet)
rElec    +         Reflect  .   v - +1 cloak
rCorr    .         Harm     .   (no gloves)
MR       .....                  (no boots)
Stlth    ..........             u - amulet of guardian spirit
HPRegen  0.19/turn              J - ring of protection from cold
MPRegen  0.12/turn              (no ring)

@: no status effects
A: negative energy resistance 1, electricity resistance, unbreathing,
petrification resistance, rot immunity, AC +7
a: Potion Petition, Call Merchant, Bribe Branch, Renounce Religion


You were on level 9 of the Dungeon.
You worshipped Gozag.
Gozag was most pleased with you.
You were very hungry.

You visited 1 branch of the dungeon, and saw 9 of its levels.

You collected 1502 gold pieces.
You paid 58 gold pieces to Gozag.

Inventory:

Hand Weapons
 a - a +0 flail
 d - a +5 scimitar of freezing
 m - the +8 flail of Eternal Harmony (weapon) {freeze, rF- rC++ Str+3}
   (You found it on level 9 of the Dungeon)

   It has been specially enchanted to freeze those struck by it, causing extra
   injury to most foes and up to half again as much damage against particularly
   susceptible opponents.
   It can also slow down cold-blooded creatures.
   It affects your strength (+3).
   It makes you vulnerable to fire.
   It greatly protects you from cold.
 q - a +4 mace of crushing
 z - a +1 whip of freezing
 C - a +1 mace of crushing
Armour
 b - a +0 scale mail (worn)
 c - a +0 shield (worn)
 v - a +1 cloak (worn)
 A - a +0 robe of magic resistance
Jewellery
 i - an uncursed ring of wizardry
 s - the cursed ring of Guenasch {MR+ EV-6 Int+3, unknown}
   (You found it on level 9 of the Dungeon)

   [ring of evasion]

   It affects your evasion (-6).
   It affects your intelligence (+3).
   It affects your resistance to hostile enchantments.
   It has a curse placed upon it.
 u - an amulet of guardian spirit (around neck)
 J - a ring of protection from cold (left hand)
Wands
 o - a wand of random effects (16)
 w - a wand of flame (23)
 B - a wand of disintegration (13)
 G - a wand of enslavement (6)
Scrolls
 h - a scroll of enchant armour
 k - 7 scrolls of remove curse
 r - 5 scrolls of teleportation
 y - 3 scrolls of fog
 D - a scroll of identify
 E - a scroll of immolation
 H - 2 scrolls of enchant weapon
 K - a scroll of magic mapping
Potions
 e - 4 potions of flight {unknown}
 g - a potion of haste
 j - a potion of resistance
 l - 3 potions of curing {unknown}
 n - 2 potions of agility
 p - 2 potions of invisibility {unknown}
 t - a potion of brilliance {unknown}
 x - 3 potions of heal wounds {unknown}
 F - a potion of lignification {unknown}
 I - a potion of cancellation {unknown}
Comestibles
 f - 6 rations


   Skills:
 * Level 5.5 Fighting
 - Level 11.4 Maces & Flails
 - Level 3.2 Armour
 + Level 10.0 Shields


You had 9 spell levels left.
You didn't know any spells.
Your spell library contained the following spells:

 Spells                   Type           Power        Failure   Level  Hunger
 Flame Tongue             Conj/Fire      #....        90%         1    ##.....
 Throw Flame              Conj/Fire      #.....       97%         2    ###....
 Conjure Flame            Conj/Fire      #.......     99%         3    ####...
 Inner Flame              Hex/Fire       #.......     99%         3    ####...
 Sticky Flame             Conj/Fire      #.......     100%        4    #####..
 Fireball                 Conj/Fire      #.........   100%        5    ######.


Dungeon Overview and Level Annotations

Branches:
Dungeon (9/15)             Temple (0/1) D:5            Lair (0/6) D:8
    Orc: D:9-12

Altars:
Dithmenos
Elyvilon
Fedhas
Gozag
Hepliaklqana
Nemelex Xobeh
Ru
Trog
Uskayaw
Xom
Yredelemnul
Zin

Annotations:
D:9 1 runed translucent door


Innate Abilities, Weirdness & Mutations

You are resistant to torment.
Your stone body is resilient. (AC +7)
You are immune to poison.
You resist negative energy. (rN+)
You are resistant to electric shocks. (rElec)
You can survive without breathing.
You are immune to petrification.
You are immune to rotting.


Message History

The two-headed ogre hits you with a +0 giant spiked club!
You sock the two-headed ogre! You freeze the two-headed ogre.
The two-headed ogre is lightly wounded.
You bludgeon the two-headed ogre!! You freeze the two-headed ogre.
The two-headed ogre is severely wounded.
The two-headed ogre hits you but does no damage.
The two-headed ogre hits you with a +0 giant spiked club!
You barely miss the two-headed ogre.
The two-headed ogre is severely wounded.
The two-headed ogre hits you with a +0 giant spiked club!
* * * LOW HITPOINT WARNING * * *
You block the two-headed ogre's attack.
You are feeling very hungry.
You sock the two-headed ogre! You freeze the two-headed ogre.
The two-headed ogre is almost dead.
You closely miss the two-headed ogre.
The two-headed ogre is almost dead.
The two-headed ogre hits you with a +0 giant spiked club!!
You die...
Your body crumbles into a pile of gold.

....## .....# [...##
....# ....# $ ....#
....## ###### .....##
##....##
......#####.....@#####...
$
................#O.......
.......#...##(###Y.......
######.######## ......###
..# .......# ...#
#.......'. ....#
#.......#.. .....#
#.......# . ......#
#.......#


You could see a two-headed ogre and a yak.

Vanquished Creatures
  Pikel (D:6)
  A troll (D:9)
  A spriggan (D:8)
  3 yaks (D:9)
  Eustachio (D:6)
  2 wargs
  An orc warrior (D:8)
  2 slaves (D:6)
  A sky beast (D:6)
  A black bear (D:9)
  A phantom (D:4)
  3 ogres
  A centaur (D:6)
  6 bullfrogs
  A big kobold (D:8)
  A wyvern zombie (D:9)
  A scorpion (D:7)
  A wyvern skeleton (D:8)
  5 wights
  A quasit (D:9)
  A bullfrog zombie (D:5)
  5 crimson imps
  A jelly (D:7)
  2 bullfrog skeletons
  2 orc priests
  6 hounds
  2 centaur skeletons
  Terence (D:2)
  2 iguanas
  Natasha (twice) (D:4 D:3)
  8 orc wizards
  6 worker ants
  A hound zombie (D:7)
  A howler monkey skeleton (D:7)
  3 gnolls
  8 adders
  2 shadow imps
  An ooze (D:2)
  An adder zombie (D:6)
  2 adder skeletons
  5 worms
  4 dart slugs
  6 leopard geckos
  38 orcs
  7 giant cockroaches
  4 goblins
  7 hobgoblins
  9 jackals
  11 kobolds
  7 quokkas
  2 ball pythons (D:3)
  7 bats
  6 frilled lizards
  A jackal zombie (D:6)
  2 leopard gecko skeletons (D:4)
  A quokka zombie (D:5)
  9 rats
218 creatures vanquished.

Vanquished Creatures (others)
  A crimson imp (D:6)
  An orc wizard (D:8)
  A jackal (D:5)
  A quokka (D:5)
4 creatures vanquished.

Grand Total: 222 creatures vanquished

Notes
Turn   | Place    | Note
-------+----------+-------------------------------------------
     0 | D:1      | Mrkan the Gargoyle Fighter began the quest for the Orb.
     0 | D:1      | Reached XP level 1. HP: 14/14 MP: 1/1
   222 | D:1      | Reached XP level 2. HP: 16/19 MP: 2/2
   496 | D:1      | Reached skill level 3 in Maces & Flails
   560 | D:2      | Reached XP level 3. HP: 23/23 MP: 3/3
   673 | D:2      | Reached XP level 4. HP: 18/28 MP: 4/4
   839 | D:2      | Found a bloodstained altar of Trog.
   915 | D:2      | Noticed Terence
   926 | D:2      | Killed Terence
   926 | D:2      | Reached skill level 4 in Maces & Flails
   937 | D:2      | Reached XP level 5. HP: 23/32 MP: 5/5
  1044 | D:2      | Found a shadowy altar of Dithmenos.
  1215 | D:3      | Found an opulent altar of Gozag.
  1221 | D:3      | Became a worshipper of Gozag Ym Sagoz the Greedy
  1630 | D:3      | Found a faded altar of an unknown god.
  2145 | D:4      | Reached skill level 5 in Maces & Flails
  2145 | D:4      | Reached XP level 6. HP: 34/37 MP: 6/6
  2174 | D:4      | Noticed Natasha
  2176 | D:4      | Found a basalt altar of Yredelemnul.
  2200 | D:4      | Noticed a phantom
  2206 | D:4      | Killed Natasha
  2206 | D:4      | Reached skill level 5 in Shields
  2267 | D:4      | Killed a phantom
  2549 | D:4      | Reached skill level 6 in Maces & Flails
  2549 | D:4      | Reached XP level 7. HP: 34/41 MP: 7/7
  2613 | D:4      | Noticed Natasha
  2730 | D:3      | Killed Natasha
  3111 | D:5      | Entered Level 5 of the Dungeon
  3124 | D:5      | HP: 1/41 [ogre/+0 giant club (18)]
  3760 | D:5      | Reached skill level 7 in Maces & Flails
  3882 | D:5      | Found a white marble altar of Elyvilon.
  3929 | D:5      | Found a staircase to the Ecumenical Temple.
  3988 | D:5      | Reached XP level 8. HP: 46/46 MP: 8/8
  4294 | D:6      | Noticed Pikel
  4298 | D:6      | Noticed Eustachio
  4344 | D:6      | Killed Pikel
  4344 | D:6      | Reached skill level 8 in Maces & Flails
  4358 | D:6      | Killed Eustachio
  4498 | D:6      | Reached skill level 9 in Maces & Flails
  4753 | D:6      | Reached XP level 9. HP: 46/51 MP: 9/9
  5258 | D:7      | Found a shimmering altar of Xom.
  5285 | D:7      | Reached skill level 10 in Maces & Flails
  5328 | D:7      | Found a hide-covered altar of Uskayaw.
  5349 | D:7      | Found a blossoming altar of Fedhas.
  5351 | D:7      | Found a hazy altar of Hepliaklqana.
  5351 | D:7      | Found a glowing silver altar of Zin.
  5351 | D:7      | Found a bloodstained altar of Trog.
  5353 | D:7      | Found a shimmering altar of Xom.
  6266 | D:8      | HP: 1/51 [orc warrior/+0 halberd (16)]
  6749 | D:8      | Reached skill level 11 in Maces & Flails
  6856 | D:8      | Found a sacrificial altar of Ru.
  6969 | D:8      | Reached XP level 10. HP: 56/56 MP: 10/10
  7041 | D:8      | Found a staircase to the Lair.
  7233 | D:9      | Got a fine flail
  7234 | D:9      | Identified the +8 flail of Eternal Harmony {freeze, rF-
                  | rC++ Str+3} (You found it on level 9 of the Dungeon)
  7305 | D:9      | Got a brightly glowing copper ring
  7385 | D:9      | Found a sparkling altar of Nemelex Xobeh.
  7583 | D:9      | Found a runed translucent door.
  7612 | D:9      | Noticed a two-headed ogre
  7618 | D:9      | Reached skill level 5 in Fighting
  7628 | D:9      | Reached skill level 10 in Shields
  7634 | D:9      | Slain by a two-headed ogre

Skill      XL: |  1  2  3  4  5  6  7  8  9 10 |
---------------+-------------------------------+-----
Maces & Flails | 3 4 5 6 7 9 11 | 11.4
Shields        | 4 5 6 7 9 10 | 10.0
Fighting       | 5 |  5.5
Armour         | |  3.2

Action                   |  1- 3 |  4- 6 |  7- 9 | 10-12 || total
-------------------------+-------+-------+-------+-------++-------
Melee: Flail             |   126 |   271 |    70 |    53 ||   520
       Mace              |       |       |   222 |    11 ||   233
       Whip              |       |       |   399 |       ||   399
  Use: Scroll            |       |       |    12 |     1 ||    13
       Potion            |       |       |     1 |       ||     1
 Stab: Distracted        |       |       |     1 |     1 ||     2
       Paralysed         |       |       |     1 |       ||     1
  Eat: Chunk             |       |     2 |       |       ||     2
       Ration            |       |     1 |     5 |       ||     6
Armor: Scale mail        |    71 |   172 |   225 |    18 ||   486
Dodge: Dodged            |    39 |    87 |   111 |    13 ||   250
Block: Shield            |    88 |   154 |   312 |    40 ||   594
